AoeStats
← 恆浪蕩

Hideout

503075750Analyzed
4v4 RM · 1mo ago on Aug 30, 2026· 27m 38s· 8 players
Game mode
Random Map
Map size
Large (8 player)
Population
200
Speed
Normal
Resources
Standard
Victory
Conquest
Starting age
Dark Age
Ending age
Imperial Age
RankedLock teamsTeams togetherTeam positionsShared explorationLock speedFull tech treeHidden civsTurbo modeCheats
Victory
Defeat
🇲🇴 Vietnamese · Macao SAR China
1671
+10
🇦🇷 Romans · Argentina
1667
+10
🇹🇼 Khmer · Taiwan
1603
+13
🇹🇼 Lithuanians · Taiwan
1540
+16
🇦🇷 Portuguese · Argentina
1600
-15
🇲🇽 Persians · Mexico
1564
-13
🇪🇸 Inca · Spain
1536
-12
🇭🇰 Gurjaras · Hong Kong SAR China
1452
-9
Josu Stark
7:21 Loom
9:43 Feudal Age
10:03 Champi Runner
10:29 Town Watch
10:28 Horse Collar
10:35 Double-Bit Axe
11:01 Arson
16:38 Wheelbarrow
17:45 Horse Collar
18:23 Fletching
IamAlPTremo
9:35 Feudal Age
10:53 Loom
13:37 Castle Age
12:15 Double-Bit Axe
12:34 Gold Mining
12:50 Horse Collar
14:32 Bow Saw
24:11 Loom
25:39 Scale Barding Armor
27:50 Chain Barding Armor
大平果是小菜鸡父亲
3:00 Loom
10:52 Feudal Age
13:06 Double-Bit Axe
15:33 Castle Age
13:36 Horse Collar
16:15 Forging
16:14 Scale Barding Armor
18:22 Forging
20:13 Husbandry
20:58 Bloodlines
21:06 Herbal Medicine
26:04 Wheelbarrow
.
10:01 Feudal Age
8:41 Loom
13:47 Castle Age
11:59 Double-Bit Axe
15:05 Horse Collar
24:58 Wheelbarrow
24:09 Town Watch
24:47 Town Watch
默默默默默
9:27 Feudal Age
13:17 Castle Age
12:23 Double-Bit Axe
13:13 Loom
23:07 Horse Collar
25:42 Bow Saw
raybb9429
9:14 Feudal Age
10:52 Double-Bit Axe
14:03 Wheelbarrow
18:39 Castle Age
16:50 Fletching
18:47 Horse Collar
18:41 Crossbowman
19:16 Bodkin Arrow
19:41 Loom
恆浪蕩
10:09 Feudal Age
11:51 Double-Bit Axe
14:33 Castle Age
14:04 Horse Collar
14:33 Gold Mining
15:18 Bloodlines
18:56 Scale Barding Armor
25:07 Forging
friend00792
10:28 Feudal Age
13:41 Castle Age
12:03 Double-Bit Axe
11:58 Horse Collar
15:06 Bow Saw
20:47 Gold Mining
22:03 Wheelbarrow
21:14 Loom
22:51 Husbandry
23:23 Bloodlines
26:10 Scale Barding Armor
27:19 Forging
Connection lost

Rejoining the realm…

Still unreachable

The connection could not be restored.

Session expired

The server has moved on; the page needs a fresh start.